 Dungeon Crawl Stone Soup version 0.29.1-15-g9cfb28693d (webtiles) character file.

Game seed: 14544858429077525107

514 fleeber the Magician (level 7, -11/50 HPs)
             Began as a Djinni Fire Elementalist on Mar 25, 2023.
             Mangled by an ice beast (12 damage)
             ... on level 6 of the Dungeon.
             The game lasted 00:15:35 (4733 turns).

fleeber the Magician (Djinni Fire Elementalist)     Turns: 4733, Time: 00:15:36

Health: -11/50     AC:  8    Str:  7    XL:     7   Next: 44%
Gold:   198        EV: 13    Int: 18    God:
                   SH:  0    Dex: 14

rFire   + + .      SeeInvis +   o - +2 quarterstaff (vamp)
rCold   x x .      Faith    .   (shield currently unavailable)
rNeg    + + .      Spirit   .   a - +0 robe
rPois   ∞          Reflect  .   q - +5 helmet of Restlessness {+Blink rC- rN++ SInv}
rElec   .          Harm     .   (no cloak)
rCorr   .          Rampage  .   (no gloves)
Will    .....                   (boots unavailable)
Stlth   ++........              (no amulet)
HPRegen 0.16/turn               (no ring)
MPRegen 0.00/turn               (no ring)

@: flying, very slightly contaminated
A: sickness immunity, fire resistance 2, cold vulnerability 1, float, innate
caster, HP casting, extra vitality 1
a: Evoke Blink


You were on level 6 of the Dungeon.
You visited 1 branch of the dungeon, and saw 5 of its levels.

You collected 198 gold pieces.

Inventory:

Hand Weapons
 o - a +2 vampiric quarterstaff (weapon)
Armour
 a - a +0 robe (worn)
 q - the +5 helmet of Restlessness (worn) {+Blink rC- rN++ SInv}
   (You took it off Robin on level 3 of the Dungeon)

   rC:        It makes you vulnerable to cold.
   rN:        It greatly protects you from negative energy.
   SInv:      It lets you see invisible.
   +Blink:    It lets you blink.
Wands
 g - a wand of polymorph (9)
Scrolls
 c - 2 scrolls of brand weapon
 e - a scroll of fog {unknown}
 f - 2 scrolls of teleportation
 j - a scroll of fear
 m - 2 scrolls of immolation
 p - a scroll of enchant armour {unknown}
Potions
 b - 5 potions of curing {unknown}
 d - a potion of degeneration {unknown}
 h - 3 potions of flight {unknown}
 i - 2 potions of attraction {unknown}
 k - 4 potions of berserk rage {unknown}
 l - 2 potions of invisibility {unknown}
 n - a potion of brilliance {unknown}


   Skills:
 + Level 3.3 Fighting
 + Level 4.4 Dodging
 - Level 1.5 Stealth
 * Level 4.7 Spellcasting


You couldn't memorise any spells.
You knew the following spells:

 Your Spells              Type           Power      Damage    Failure   Level
a - Foxfire               Conj/Fire      84%        2x1d8     1%          1
b - Scorch                Fire           42%        2d7       3%          2
c - Conjure Flame         Conj/Fire      21%        6-21      6%          3
d - Inner Flame           Hex/Fire       21%        N/A       6%          3
e - Flame Wave            Conj/Fire      21%        2d8       21%         4
f - Slow                  Hex            84%        N/A       1%          1
g - Ensorcelled Hibernat  Hex/Ice        42%        N/A       3%          2
h - Call Imp              Summ           21%        N/A       3%          2
Your spell library was empty.

Dungeon Overview and Level Annotations

Branches:
Dungeon (4/15)
 Temple: D:4-7

Altars:


Innate Abilities, Weirdness & Mutations

You are immune to sickness and miasma.
You are immune to poison.
Your flesh is very heat resistant. (rF++)
You are vulnerable to cold. (rC-)
You float through the air rather than walking.
You learn spells naturally, not from books.
Your magical power is your life essence.
You have superior vitality. (+4 MHP)


Message History

Your crimson imp hits the ice beast.
The orc priest hits your crimson imp but does no damage.
You conjure some foxfire!
The foxfire hits the ice beast but does no damage.
The ice beast is lightly wounded.
The foxfire hits the ice beast but does no damage.
The ice beast is lightly wounded.
The foxfire hits the ice beast but does no damage.
The ice beast is lightly wounded.
The orc priest barely misses your crimson imp.
Your crimson imp closely misses the ice beast.
The hornet stings your crimson imp. The ice beast barely misses you.
You miscast Foxfire.
You are very lightly contaminated with residual magic.
Nothing appears to happen.
The foxfire hits the ice beast.
The ice beast is lightly wounded.
The hornet closely misses your crimson imp.
The orc priest hits your crimson imp with a +0 mace!
Your crimson imp dies!
Your crimson imp disappears in a puff of smoke!
The ice beast closely misses you.
Flames lash the orc priest.
You kill the orc priest!
An orc comes into view. It is wielding a +0 antimagic mace.
The ice beast barely misses you.
Flames lash the hornet.
The hornet is lightly wounded.
The hornet's fire resistance burns away.
The hornet stings you. The ice beast hits you. The ice beast freezes you!
You feel a terrible chill!
Flames lash the orc.
You kill the orc!
The hornet stings you!
* * * LOW HITPOINT WARNING * * *
The hornet stings you.
* * * LOW HITPOINT WARNING * * *
The ice beast hits you.
* * * LOW HITPOINT WARNING * * *
The ice beast freezes you!
You feel a terrible chill!
You die...

#.##...........
####..<..........#
...........#.##..#
.##.....##...#. .#
#.###.##.).... #
#......#.#
#.###.##...#.#
#.....# ...#
###..@# .#
......yY# #
..####))) .....
##.#.#. #......
#.#..... #........


You could see a hornet (combustible) and an ice beast.

Vanquished Creatures
  2 bullfrogs (D:6)
  A scorpion (D:6)
  A hound (D:6)
  Crazy Yiuf (D:2)
  2 orc priests
  Ijyb (D:3)
  An iguana (D:6)
  Robin (D:3)
  4 adders
  An ufetubus (D:6)
  A worm (D:2)
  A dart slug (D:3)
  10 orcs
  3 ball pythons
  7 endoplasms
  2 giant cockroaches
  17 goblins
  10 hobgoblins
  4 jackals
  2 quokkas
  5 bats
  4 frilled lizards
  10 kobolds
  9 rats
100 creatures vanquished.

Vanquished Creatures (others)
  148 foxfires
148 creatures vanquished.

Grand Total: 248 creatures vanquished

Notes
Turn   | Place    | Note
-------+----------+-------------------------------------------
     0 | D:1      | fleeber the Djinni Fire Elementalist began the quest for
                  | the Orb.
     0 | D:1      | fleeber set off with the following spells memorised:
                  | Foxfire, Scorch, Conjure Flame, Inner Flame, Flame Wave.
     0 | D:1      | Reached XP level 1. HP: 15/15 MP: 0/0
   177 | D:1      | Reached XP level 2. HP: 18/22 MP: 0/0
   730 | D:1      | Reached skill level 1 in Fighting
   730 | D:1      | Reached XP level 3. HP: 22/27 MP: 0/0
   730 | D:1      | Learned a level 1 spell: Slow
  1698 | D:2      | Found a faded altar of an unknown god.
  1981 | D:2      | Reached XP level 4. HP: 28/32 MP: 0/0
  2535 | D:2      | Found a runed translucent door.
  2536 | D:2      | Noticed Crazy Yiuf
  2606 | D:2      | Killed Crazy Yiuf
  2607 | D:2      | Reached XP level 5. HP: 10/38 MP: 0/0
  2607 | D:2      | Learned a level 2 spell: Ensorcelled Hibernation
  2929 | D:3      | Noticed Ijyb
  2938 | D:3      | Killed Ijyb
  3467 | D:3      | Identified the +5 helmet of Restlessness {+Blink rC- rN++
                  | SInv}
  3467 | D:3      | Noticed Robin
  3530 | D:3      | Reached XP level 6. HP: 36/44 MP: 0/0
  3595 | D:3      | Killed Robin
  4451 | D:4      | You are sucked into a shaft and drop 2 floors!
  4509 | D:6      | Reached XP level 7. HP: 33/50 MP: 0/0
  4509 | D:6      | Learned a level 2 spell: Call Imp
  4726 | D:6      | Noticed a hornet
  4733 | D:6      | HP: 1/50 [ice beast (3)]
  4733 | D:6      | Mangled by an ice beast

Illustrated notes

Levels and vault maps discovered:
D:1:      saegor_arrival_under_anarchy, layout_basic, serial_glass,
          glass_columns_c, glass_columns_a, minmay_misc_feat_enclosed,
          minmay_heptomino_w4
D:2:      layout_loops_ring, dreamdust_ecumenical_altar_angels_and_demons,
          uniq_crazy_yiuf_cottage
D:3:      layout_basic, uniq_robin, uniq_ijyb
D:4:      minmay_inner_zag, layout_loops_corners, bh_walls_and_bars
D:6:      layout_loops_ring, grunt_temple_overflow_bloody_war,
          minmay_temple_entry_glass, ebering_ghost_disaster_area

Skill      XL: |  1  2  3  4  5  6 |
---------------+-------------------+-----
Fighting       | 1 2 3 |  3.3
Spellcasting   | 3 4 |  4.7
Dodging        | 3 4 |  4.4
Stealth        | |  1.5

Action                   |  1- 3 |  4- 6 |  7- 9 || total
-------------------------+-------+-------+-------++-------
Melee: Dagger            |    11 |       |       ||    11
       Quarterstaff      |       |     2 |       ||     2
 Cast: Foxfire           |    66 |    26 |     5 ||    97
       Scorch            |     8 |    54 |     9 ||    71
       Slow              |     1 |       |       ||     1
       Conjure Flame     |       |     3 |       ||     3
       Call Imp          |       |       |     2 ||     2
  Use: Scroll            |       |     4 |       ||     4
Armor: Robe              |     3 |    10 |     1 ||    14
Dodge: Dodged            |    13 |    20 |     3 ||    36
